 Dungeon Crawl Stone Soup version 0.28-a0-465-ge2dae52223 (webtiles) character file.

Game seed: 5400147289725639649

114 willcat the Sneak (level 4, -4/31 HPs)
             Began as an Octopode Delver on Sept 15, 2021.
             Slain by a hornet zombie (8 damage)
             ... on level 6 of the Dungeon.
             The game lasted 00:00:46 (348 turns).

willcat the Sneak (Octopode Delver)                  Turns: 348, Time: 00:00:46

Health: -4/31      AC:  1    Str: 11    XL:     4   Next: 97%
Magic:  4/4        EV: 14    Int: 13    God:
Gold:   65         SH:  0    Dex: 13    Spells: 3/3 levels left

rFire   . . .      SeeInvis .   a - +0 short sword
rCold   . . .      Faith    .   (no shield)
rNeg    . . .      Spirit   .   (helmet restricted)
rPois   .          Reflect  .   (no amulet)
rElec   .          Harm     .   (no ring)
rCorr   .          Rampage  .   (no ring)
Will    .....                   (no ring)
Stlth   +++++.....              (no ring)
HPRegen 0.10/turn               (no ring)
MPRegen 0.09/turn               (no ring)
                                (no ring)
                                (no ring)

@: no status effects
A: almost no armour, amphibious, 8 rings, camouflage 1, gelatinous body 1,
(nimble swimmer 1), tentacles
a: no special abilities


You were on level 6 of the Dungeon.
You visited 1 branch of the dungeon, and saw 2 of its levels.

You collected 65 gold pieces.

Inventory:

Hand Weapons
 a - a +0 short sword (weapon)
Wands
 f - a wand of digging (3)
Scrolls
 b - a scroll of fog
 c - a scroll of magic mapping
 d - a scroll of fear
 h - a scroll of amnesia {unknown}
Potions
 e - a potion of haste
 g - a potion of degeneration {unknown}


   Skills:
 - Level 3.0 Fighting
 + Level 3.2 Short Blades
 + Level 3.2 Dodging
 + Level 7.6 Stealth


You had 3 spell levels left.
You didn't know any spells.
Your spell library was empty.

Dungeon Overview and Level Annotations

Branches:
Dungeon (6/15)
 Temple: D:4-7

Altars:


Innate Abilities, Weirdness & Mutations

You cannot wear most types of armour.
You are amphibious.
You can wear up to eight rings at the same time.
Your skin changes colour to match your surroundings (Stealth+).
Your rubbery body absorbs attacks. (AC +1, EV +1)
((You are camouflaged near water. (Stealth+)))
You have tentacles for arms and can constrict up to eight enemies at once.


Message History

You see here a +0 robe.
Found a runed war axe.
There is a stone staircase leading down here.
You climb downwards.
Found 19 gold pieces.
There is a stone staircase leading up here. 2 zombies come into view.
Found a scroll labelled LIASESOENOST.
There are monsters nearby!
There are monsters nearby!
The helpless hornet zombie fails to defend itself.
You impale the hornet zombie!! You grab the hornet zombie.
You squeeze the hornet zombie.
The hornet zombie is heavily damaged.
You constrict the hornet zombie.
The hornet zombie hits you but does no damage.
You hit the hornet zombie.
The hornet zombie is severely damaged.
You constrict the hornet zombie. The hornet zombie closely misses you.
The hornet zombie barely misses you.
You barely miss the hornet zombie.
The hornet zombie is severely damaged.
You constrict the hornet zombie, but do no damage.
The bullfrog zombie hits you. The hornet zombie hits you.
You hit the hornet zombie but do no damage.
The hornet zombie is severely damaged.
You constrict the hornet zombie. The bullfrog zombie misses you.
The hornet zombie hits you!
Unknown command.
You hit the hornet zombie. You squeeze the hornet zombie.
The hornet zombie is severely damaged.
You constrict the hornet zombie. The bullfrog zombie hits you.
The hornet zombie hits you!
* * * LOW HITPOINT WARNING * * *
Unknown command.
You hit the hornet zombie.
The hornet zombie is almost destroyed.
You constrict the hornet zombie. The bullfrog zombie misses you.
The hornet zombie hits you!
You die...

.. ..# .... #. ..#
? ... ##. ....
.#..##.$ .....
....#.... #.....
..##....####....#.
...........Z......
.........Z@.......
........#####.....
........# ..#
.####..<# . ###.#
#.. ##.. ... #..#


You could see a bullfrog zombie and a hornet zombie.

Vanquished Creatures
  A scorpion (D:5)
  An iguana (D:5)
  A killer bee zombie (D:5)
  An adder (D:5)
  An orc (D:5)
5 creatures vanquished.

Notes
Turn   | Place    | Note
-------+----------+-------------------------------------------
     0 | D:5      | willcat the Octopode Delver began the quest for the Orb.
     0 | D:5      | Reached XP level 1. HP: 16/16 MP: 1/1
    24 | D:5      | Reached XP level 2. HP: 21/21 MP: 2/2
    28 | D:5      | Noticed a scorpion
    35 | D:5      | Killed a scorpion
    36 | D:5      | Reached skill level 7 in Stealth
    36 | D:5      | Reached XP level 3. HP: 24/26 MP: 3/3
    36 | D:5      | Reached XP level 4. HP: 29/31 MP: 4/4
   301 | D:5      | Noticed an ogre
   348 | D:6      | Slain by a hornet zombie

Illustrated notes

Levels and vault maps discovered:
D:5:      layout_rooms
D:6:      cheibrodos_fzero, layout_layer_cave, uniq_maggie, uniq_eustachio

Skill      XL: |  1  2  3  4 |
---------------+-------------+-----
Stealth        | 7 |  7.6
Short Blades   | 3 |  3.2
Dodging        | 3 |  3.2
Fighting       | |  3.0

Action                   |  1- 3 |  4- 6 || total
-------------------------+-------+-------++-------
Melee: Short sword       |     3 |    21 ||    24
       Tentacles         |     2 |     6 ||     8
       Constrict         |     1 |     4 ||     5
  Use: Potion            |       |     1 ||     1
 Stab: Sleeping          |     1 |     1 ||     2
Armor: Skin              |       |     2 ||     2
Dodge: Dodged            |     3 |     8 ||    11

Table legend: (Time is in decaauts)
 A = Elapsed time spent in this place.
 B = Non-inter-level travel time spent in this place.
 C = Inter-level travel time spent in this place.
 D = Time resting spent in this place.
 E = Time spent auto-exploring this place.
 F = Levels seen in this place.
 G = Mean time per level.
                   A        B        C        D        E       F      G
               +--------+--------+--------+--------+--------+-----+--------+
         Total |    346 |    346 |      0 |    204 |     33 |   2 |  173.0 |
       Dungeon |    346 |    346 |      0 |    204 |     33 |   2 |  173.0 |
               +--------+--------+--------+--------+--------+-----+--------+

Top non-repeatable levels by time:
     D:5: 336 daAuts
     D:6: 10 daAuts
